Map: Ulrena

Players

IIIIIIIIIIII - Winner!

  • Race: Terran Terran
  • League: Master

Wellmet

  • Race: Terran Terran
  • League: Platinum

VOD

Have the link to the VOD?

Description

Time

  • Played on: Nov. 11, 2015, 10:45 a.m.
  • Length: 7:51
Show
View Real Time Build Order
Export as new Build Order

IIIIIIIIIIII Terran - Winner!

Build Orders: 1/1/1 

Get SALT Encoding   

  12  0:01  SCV  
  13  0:13  SCV  
  14  0:18  Supply Depot  
  14  0:25  SCV  
  15  0:30  Refinery  
  15  0:39  SCV  
  16  0:45  Barracks  
  16  0:51  SCV  
  17  1:03  SCV  
  18  1:16  SCV  
  19  1:32  Factory, Marine  
  19  1:33  Orbital Command  
  20  1:41  Supply Depot  
  20  1:50  Marine  
  21  1:58  SCV  
  22  2:08  Marine  
  22  2:11  SCV  
  24  2:16  Hellion  
  24  2:17  Starport  
  26  2:22  Supply Depot  
  26  2:23  SCV  
  26  2:26  Marine  
  28  2:38  SCV  
  28  2:39  Hellion  
  31  2:44  Marine  
  31  2:47  Supply Depot  
  31  2:50  SCV  
  33  2:54  Medivac  
  35  3:01  Engineering Bay, Widow Mine  
  35  3:05  Marine  
  38  3:12  SCV  
  39  3:24  SCV, Barracks Reactor  
  40  3:29  Missile Turret  
  40  3:37  SCV  
  40  3:38  Refinery  
  41  3:43  Viking  
  43  3:49  SCV  
  43  3:51  Factory Tech Lab  
  43  4:04  Marine x2  
  43  4:06  SCV  
  46  4:11  Command Center  
  44  4:18  SCV  
  44  4:22  Marine  
  44  4:23  Viking  
  47  4:24  Missile Turret  
  47  4:29  Supply Depot  
  47  4:50  Marine x2  
  47  4:51  SCV  
  50  4:52  Supply Depot  
  50  4:55  Siege Tank  
  53  5:03  SCV  
  54  5:08  Marine  
  54  5:14  Missile Turret, Marine  
  55  5:15  SCV, Missile Turret  
  56  5:25  Orbital Command  
  56  5:26  Marine  
  56  5:27  SCV  
  57  5:32  Marine  
  57  5:35  Siege Tank  
  59  5:39  SCV  
  55  5:52  Orbital Command  
  55  5:54  SCV, Marine  
  57  5:57  Marine  
  57  6:03  Barracks  
  58  6:05  Barracks  
  58  6:08  Siege Tank  
  61  6:12  Marine  
  61  6:16  SCV  
  61  6:18  SCV  
  64  6:25  Marine  
  65  6:26  Viking  
  65  6:28  SCV  
  66  6:34  SCV  
  66  6:35  Marine  
  68  6:43  Marine  
  68  6:44  Siege Tank  
  68  6:45  SCV  
  73  6:47  SCV  
  73  6:53  Barracks Reactor, Barracks Tech Lab, Marine  
  75  6:57  SCV  
  75  7:00  Marine  
  77  7:04  SCV  
  77  7:07  Starport Reactor  
  78  7:10  Supply Depot  
  78  7:11  Supply Depot, Refinery  
  78  7:12  Refinery  
  78  7:14  Supply Depot  
  78  7:24  SCV, Marine x2  
  78  7:31  Marine  
  78  7:32  SCV  
  78  7:36  SCV  
Show
View Real Time Build Order
Export as new Build Order

Wellmet Terran 

Build Orders: Banshee Rush 

Get SALT Encoding   

  12  0:01  SCV  
  13  0:13  SCV  
  14  0:18  Supply Depot  
  14  0:25  SCV  
  15  0:39  SCV  
  16  0:42  Barracks  
  16  0:47  Refinery  
  16  0:51  SCV  
  17  1:03  SCV  
  18  1:12  Refinery  
  18  1:15  SCV  
  19  1:30  Orbital Command  
  19  1:32  Reaper  
  20  1:36  Supply Depot  
  20  1:51  Factory  
  20  1:57  SCV  
  21  2:04  Reaper  
  22  2:09  SCV  
  22  2:14  Supply Depot  
  23  2:21  SCV  
  24  2:33  SCV  
  24  2:39  Factory Tech Lab, Starport  
  24  2:41  Barracks Reactor  
  24  2:45  SCV  
  25  2:55  Command Center  
  25  3:01  SCV  
  26  3:07  Factory Tech Lab  
  26  3:19  Marine x2  
  27  3:22  SCV  
  27  3:25  Cloaking Field  
  28  3:28  Banshee  
  31  3:34  SCV  
  31  3:37  Marine x2  
  31  3:40  Siege Tank  
  37  3:47  SCV  
  37  3:54  Marine  
  37  3:55  Marine  
  31  4:03  SCV  
  32  4:15  SCV  
  32  4:27  SCV  
  32  4:33  Raven  
  32  4:36  Marine  
  32  4:37  Marine  
  36  4:39  SCV  
  37  4:51  SCV  
  36  4:55  Orbital Command  
  36  4:59  Marine x2  
  36  5:03  SCV  
  37  5:15  SCV  
  37  5:20  Marine  
  37  5:21  Marine  
  33  5:25  SCV  
  33  5:27  SCV  
  32  5:37  SCV  
  33  5:44  SCV, Marine  
  33  5:45  Marine  
  32  5:50  SCV  
  32  5:56  SCV  
  32  5:58  Banshee  
  32  6:02  SCV, Marine x2  
  38  6:07  Barracks  
  39  6:11  SCV  
  39  6:14  SCV  
  40  6:21  Marine  
  40  6:22  Marine  
  40  6:23  SCV  
  43  6:26  SCV  
  44  6:35  SCV  
  44  6:39  Siege Tank  
  48  6:42  SCV  
  48  6:43  Marine x2  
  51  6:47  SCV  
  51  6:52  Supply Depot  
  53  6:54  SCV  
  52  7:03  SCV  
  52  7:05  Marine  
  52  7:08  SCV, Marine  
  53  7:12  Marine  
Tags
 
Add a new tag
Caveats
  • Supply blocks, unpowered buildings, or Contaminate may cause inaccurate times.
  • Supply counts are checked every 10 seconds.